 Dungeon Crawl Stone Soup version 0.28.0-53-g5a82cb258f (webtiles) character file.

Game seed: 13957718434568870806

6 Sin92 the Changer (level 1, 0/14 HPs)
             Began as a Demonspawn Wanderer on July 15, 2022.
             Slain by a jackal (1 damage)
             ... on level 1 of the Dungeon.
             The game lasted 00:01:34 (85 turns).

Sin92 the Changer (Demonspawn Wanderer)               Turns: 85, Time: 00:01:35

Health: 0/14       AC:  3    Str: 11    XL:     1   Next: 75%
Magic:  0/2        EV: 12    Int: 13    God:
Gold:   0          SH:  0    Dex: 13    Spells: 1/2 levels left

rFire   . . .      SeeInvis .   a - +0 hand crossbow
rCold   . . .      Faith    .   (no shield)
rNeg    . . .      Spirit   .   d - +0 robe
rPois   .          Reflect  .   c - +0 helmet
rElec   .          Harm     .   (no cloak)
rCorr   .          Rampage  .   (no gloves)
Will    .....                   (no boots)
Stlth   ++........              (no amulet)
HPRegen 0.04/turn               (no ring)
MPRegen 0.08/turn               (no ring)

@: no status effects
A: no striking features
a: no special abilities


You were on level 1 of the Dungeon.
You visited 1 branch of the dungeon, and saw 1 of its levels.

Inventory:

Hand Weapons
 a - a +0 hand crossbow (weapon)
Armour
 c - a +0 helmet (worn)
 d - a +0 robe (worn)
 e - a +0 scale mail


   Skills:
 + Level 0.4 Fighting
 - Level 1.0 Crossbows
 + Level 1.1 Armour
 + Level 1.8 Dodging
 - Level 1.0 Stealth
 + Level 1.1 Spellcasting
 + Level 2.7 Transmutations
 + Level 1.4 Invocations


You had one spell level left.
You knew the following spells:

 Your Spells              Type           Power      Damage    Failure   Level
a - Sting                 Tmut/Pois      16%        1d3       16%         1

Your spell library contained the following spells:

 Spells                   Type           Power      Damage    Failure   Level
 Spider Form              Tmut/Pois      4%         N/A       43%         3
 Ice Form                 Ice/Tmut       4%         N/A       85%         4


Dungeon Overview and Level Annotations

Branches:
Dungeon (1/15)

Altars:


Message History

Unknown command.
You don't have enough magic to cast this spell.
Unknown command.
You don't have enough magic to cast this spell.
Really attack while wielding your +0 hand crossbow?
Okay, then.
The bat closely misses you. The jackal closely misses you.
The bat hits you but does no damage. The bat closely misses you.
The jackal barely misses you. The bat hits you but does no damage.
The bat closely misses you. The bat hits you but does no damage.
The bat hits you but does no damage. The jackal barely misses you.
The bat hits you but does no damage. The dart slug launches a dart at you.
The slug dart hits you.
* * * LOW HITPOINT WARNING * * *
The bat hits you.
* * * LOW HITPOINT WARNING * * *
The bat hits you but does no damage.
Your magical contamination has completely faded away.
Really attack while wielding your +0 hand crossbow? [Y]es or [N]o only, please.
Really attack while wielding your +0 hand crossbow?
Okay, then.
Really attack while wielding your +0 hand crossbow? [Y]es or [N]o only, please.
Really attack while wielding your +0 hand crossbow? [Y]es or [N]o only, please.
Really attack while wielding your +0 hand crossbow? [Y]es or [N]o only, please.
Really attack while wielding your +0 hand crossbow?
Okay, then.
The jackal looks more healthy.
The bat barely misses you. The bat completely misses you.
The jackal barely misses you. x2
You see here a scroll labelled VOADAGG FIHO.
The bat hits you but does no damage. The bat misses you.
The jackal closely misses you. The jackal barely misses you.
The bat completely misses you. The jackal bites you.
You die...

..... #.....#..###
......###(..##...##
..l..>####....##..#
....#.....((....#
........(....#
##..........(#
#...........#
#(....h.....#####
##...@bb?w......#
........h.......###
.###.=..........#
#####.##.##..#
#.#..# ...# #...##
#..# #### .... ...


You could see a dart slug, 2 jackals, 2 bats and a frilled lizard (asleep).

Vanquished Creatures
  An endoplasm (D:1)
  A jackal (D:1)
  A frilled lizard (D:1)
  2 kobolds (D:1)
  A rat (D:1)
6 creatures vanquished.

Notes
Turn   | Place    | Note
-------+----------+-------------------------------------------
     0 | D:1      | Sin92 the Demonspawn Wanderer began the quest for the Orb.
     0 | D:1      | Sin92 set off with the following items: a +0 hand crossbow,
                  | 21 bolts, a +0 helmet, a +0 robe; and the following spell
                  | memorised: Sting; and the following spells available to
                  | memorise: Spider Form, Ice Form
     0 | D:1      | Reached XP level 1. HP: 13/13 MP: 2/2
    85 | D:1      | Slain by a jackal

Illustrated notes

Levels and vault maps discovered:
D:1:      dpeg_arrival_long_road, layout_rooms

Action                   || total
-------------------------++-------
 Fire: Hand crossbow     ||    24
 Cast: Sting             ||     1
Armor: Robe              ||    34
Dodge: Dodged            ||    61
